 Dungeon Crawl Stone Soup version 0.22-a0-533-g4d20840 (webtiles) character file.

21 iamserjio the Charmwright (level 2, 0/15 HPs)
             Began as a Vine Stalker Skald on June 22, 2018.
             Slain by a hobgoblin (1 damage)
             ... on level 3 of the Dungeon.
             The game lasted 00:02:51 (375 turns).

iamserjio the Charmwright (Vine Stalker Skald)       Turns: 375, Time: 00:02:52

Health: 0/15       AC:  3    Str: 13    XL:     2   Next: 87%
Magic:  0/6        EV: 11    Int: 13    God:
Gold:   44         SH:  0    Dex: 13    Spells: 0/5 levels left

rFire    . . .     SeeInvis .   a - +0 hand axe
rCold    . . .     Gourm    .   (no shield)
rNeg     . . .     Faith    .   b - +0 leather armour
rPois    .         Spirit   +   (no helmet)
rElec    .         Reflect  .   (no cloak)
rCorr    .         Harm     .   (no gloves)
MR       .....                  (no boots)
Stlth    +.........             (no amulet)
HPRegen  0.05/turn              (no ring)
MPRegen  0.10/turn              (no ring)

@: no status effects
A: fangs 2, magic shield, antimagic bite, no potion heal 3, rot immunity
a: no special abilities


You were on level 3 of the Dungeon.
You were not hungry.

You visited 1 branch of the dungeon, and saw 3 of its levels.

You collected 44 gold pieces.

Inventory:

Hand Weapons
 a - a +0 hand axe (weapon)
Armour
 b - a +0 leather armour (worn)
 k - a +0 helmet
 m - a +0 ring mail
Scrolls
 e - 2 scrolls of identify {unknown}
 f - a scroll of fear {unknown}
 g - a scroll of fog {unknown}
 h - 2 scrolls of remove curse {unknown}
Potions
 c - 2 potions of mutation {unknown}
 i - a potion of magic {unknown}
 j - 2 potions of might {unknown}
 l - a potion of invisibility {unknown}
Comestibles
 d - a ration


   Skills:
 + Level 2.2 Fighting
 * Level 2.6 Axes
 - Level 0.7 Armour
 - Level 1.5 Dodging
 - Level 2.1 Spellcasting
 - Level 3.0 Charms


You couldn't memorise any spells.
You knew the following spells:

 Your Spells              Type           Power        Failure   Level  Hunger
a - Infusion              Chrm           #...         10%         1    ##.....
b - Song of Slaying       Chrm           #.......     14%         2    ###....
c - Shroud of Golubria    Chrm/Tloc      #.........   26%         2    ###....

Your spell library contained the following spells:

 Spells                   Type           Power        Failure   Level  Hunger
 Regeneration             Chrm/Necr      #.........   45%         3    ####...
 Spectral Weapon          Hex/Chrm       #.......     45%         3    ####...


Dungeon Overview and Level Annotations

Branches:
Dungeon (3/15)

Altars:


Innate Abilities, Weirdness & Mutations

You have extremely sharp teeth.
When hurt, damage is shared between your health and your magic reserves.
Your bite disrupts and absorbs the magic of your enemies.
Potions cannot restore your health.
You are immune to rotting.


Message History

The orc hits you.
* * * LOW HITPOINT WARNING * * *
The orc barely misses you.
You hit the orc but do no damage. You bite the orc, but do no damage.
The orc is heavily wounded.
The orc barely misses you.
You hit the orc. Your bite misses the orc.
The orc is almost dead.
The orc barely misses you.
You hit the orc.
You kill the orc!
The hobgoblin hits you.
* * * LOW HITPOINT WARNING * * *
You aren't carrying any items that you can evoke.
Unknown command.
Okay, then.
Okay, then.
You barely miss the hobgoblin. Your bite misses the hobgoblin.
The hobgoblin hits you.
You die... .......... ... ........ ..# ....... ..... # .... ## #wl

###. ##K# # ... #.g##.#..#
####. ##.#@....# .###....
#######.(..#.#..# .....#..
###.......#..>.... #.....
#...####.(..##.##.# ####...
#..........##..##.#####....#.
.#####(..#...###....##.###..
#.....### #........# #...###
####...######
#...#######.....##


You could see a worm, a hobgoblin and a kobold.

Vanquished Creatures
  A worm (D:2)
  A leopard gecko (D:3)
  An orc (D:3)
  A bat (D:1)
  2 goblins
  2 hobgoblins
  3 kobolds (D:2)
  A frilled lizard (D:2)
  3 rats
15 creatures vanquished.

Notes
Turn   | Place    | Note
-------+----------+-------------------------------------------
     0 | D:1      | iamserjio the Vine Stalker Skald began the quest for the Orb.
     0 | D:1      | Reached XP level 1. HP: 11/11 MP: 4/4
    86 | D:1      | Reached XP level 2. HP: 13/15 MP: 4/6
   315 | D:3      | Learned a level 2 spell: Song of Slaying
   318 | D:3      | Learned a level 2 spell: Shroud of Golubria
   375 | D:3      | Slain by a hobgoblin

Vault maps used:
D:1:      lightli_arrival_noodles
D:3:      lemuel_crystal_altar

Skill      XL: |  1 |
---------------+----+-----
Axes           | 2 |  2.6
Fighting       | 2 |  2.2
Armour         | |  0.7
Dodging        | |  1.5
Spellcasting   | |  2.1
Charms         | |  3.0

Action                   || total
-------------------------++-------
Melee: Hand axe          ||    55
       Bite              ||    18
 Cast: Infusion          ||     2
Armor: Leather armour    ||     8
Dodge: Dodged            ||    31

Table legend:
 A = Spawn XP
 B = Non-spawn XP
 C = Spawn XP percentage of total XP
 D = Spawn monster count
 E = Non-spawn monster count
 F = Spawn count percentage of total count
 G = Total turns spent on level
                    A         B        C        D         E        F      G
               +---------+---------+-------+---------+---------+-------+---------
         Total |       0 |      31 |   0.0 |       0 |      15 |   0.0 |   375
               +---------+---------+-------+---------+---------+-------+---------
           D:1 |       0 |       5 |   0.0 |       0 |       3 |   0.0 |    87
           D:2 |       0 |      17 |   0.0 |       0 |       8 |   0.0 |   171
           D:3 |       0 |       9 |   0.0 |       0 |       4 |   0.0 |   117
               +---------+---------+-------+---------+---------+-------+---------
